 Dungeon Crawl Stone Soup version 0.25.1-2-g60ff931df9 (webtiles) character file.

Game seed: 11983046534337964704

35 Descartes the Sneak (level 3, 0/17 HPs)
             Began as a Felid Monk on Nov 12, 2020.
             Succumbed to an adder's poison
             ... on level 2 of the Dungeon.
             The game lasted 00:01:22 (1285 turns).

Descartes the Sneak (Felid Monk)                    Turns: 1285, Time: 00:01:22

Health: 0/17       AC:  1    Str:  8    XL:     3   Next: 17%
Magic:  4/4        EV: 19    Int: 11    God:
Gold:   88         SH:  0    Dex: 18    Spells: 2/2 levels left
                                        Lives:  0   Deaths: 0

rFire    . . .     SeeInvis +     - Unarmed
rCold    . . .     Gourm    .   (shield unavailable)
rNeg     . . .     Faith    .   (armour unavailable)
rPois    .         Spirit   .   (helmet unavailable)
rElec    .         Reflect  .   (cloak unavailable)
rCorr    .         Harm     .   (gloves unavailable)
MR       .....                  (boots unavailable)
Stlth    ++++......             (no amulet)
HPRegen  0.05/turn              (no ring)
MPRegen  0.09/turn              (no ring)

@: lethally poisoned (0 -> -6), quick
A: very small, no armour, no weapons or thrown items, stealth, claws 1, fangs 3,
see invisible, carnivore, speed 1, shaggy fur 1, slow metabolism 1, sharp paws
a: no special abilities


You were on level 2 of the Dungeon.
You were completely stuffed.

You visited 1 branch of the dungeon, and saw 2 of its levels.

You collected 88 gold pieces.

Inventory:

Missiles
 d - 35 stones
 h - 48 arrows
Jewellery
 j - a cursed ring of attention {unknown}
Scrolls
 b - a scroll of fear {unknown}
 c - 2 scrolls of fog {unknown}
 e - a scroll of remove curse {unknown}
 f - a scroll of immolation {unknown}
Comestibles
 a - 4 rations
 i - 2 chunks of flesh


   Skills:
 - Level 3.0 Fighting
 - Level 4.0 Dodging
 + Level 5.2 Stealth
 - Level 3.0 Unarmed Combat


You had 2 spell levels left.
You didn't know any spells.
Your spell library was empty.

Dungeon Overview and Level Annotations

Branches:
Dungeon (2/15)

Altars:


Innate Abilities, Weirdness & Mutations

You cannot wear armour.
You are incapable of wielding weapons or throwing items.
Your paws allow you to move quietly. (Stealth)
You have sharp claws.
You have razor-sharp teeth.
You have supernaturally acute eyesight. (SInv)
You are carnivorous and can eat meat at any time.
You cover ground quickly.
You are covered in fur. (AC +1)
You have a slow metabolism.
Your sharp claws are effective at attacking unaware monsters.


Message History

The adder is almost dead.
The adder closely misses you.
You scratch the adder.
You kill the adder!
Your Stealth skill increases to level 5!
You have reached level 3!
Your experience leads to an increase in your attributes!
Increase (S)trength, (I)ntelligence, or (D)exterity?
You feel stronger.
* * * LOW HITPOINT WARNING * * *
You feel sick.
A bat comes into view.
The bat moves out of view.
It was a potion of cancellation.
You feel magically purged.
* * * LOW HITPOINT WARNING * * *
You feel sick.
* * * LOW HITPOINT WARNING * * *
You feel sick.
Some of the chunks of flesh in your inventory have rotted away.
You die...

................
...................
#...##.....###.#.##
#...######## #.#.# #...#
#.#.# #...# #.b.# #.#.#
#...#.#... #########.#.##
........# #.............
#..####@###...#.##..#.#.
#.............#.##..#.#
#####.####.###.###.##..#
.
#.......................
..
####....##.#.......#...##
. #....##.#.#.###.##+## #
#....##.#.#.# #.#
##+##.#†#.#.# #.# .#.#
#..


You could see a bat.

Vanquished Creatures
  An adder (D:2)
  3 bats
  A giant cockroach (D:1)
  3 hobgoblins
  2 jackals (D:2)
  6 kobolds
  A ball python (D:1)
  A frilled lizard (D:2)
  5 goblins (D:1)
  3 rats
26 creatures vanquished.

Notes
Turn   | Place    | Note
-------+----------+-------------------------------------------
     0 | D:1      | Descartes the Felid Monk began the quest for the Orb.
     0 | D:1      | Reached XP level 1. HP: 10/10 MP: 2/2
    25 | D:1      | Reached skill level 3 in Stealth
    69 | D:1      | Reached XP level 2. HP: 9/14 MP: 3/3
    85 | D:1      | Reached skill level 4 in Stealth
  1278 | D:2      | Reached skill level 5 in Stealth
  1278 | D:2      | Reached XP level 3. HP: 4/17 MP: 4/4
  1285 | D:2      | Succumbed to an adder's poison

Illustrated notes

Levels and vault maps discovered:
D:1:      minmay_arrival_radiant_lines, layout_rooms, minmay_tetromino_t4
D:2:      layout_basic, first_ration, nrook_uturn

Skill      XL: |  1  2 |
---------------+-------+-----
Stealth        | 3 5 |  5.2
Fighting       | |  3.0
Dodging        | |  4.0
Unarmed Combat | |  3.0

Action                   || total
-------------------------++-------
Melee: Unarmed           ||    77
       Punch             ||     1
       Bite              ||     2
  Use: Potion            ||     1
 Stab: Distracted        ||     1
       Sleeping          ||     1
  Eat: Chunk             ||     8
Armor: Skin              ||     2
Dodge: Dodged            ||    75
